 Dungeon Crawl Stone Soup version 0.22-a0-542-gce4f928 (webtiles) character file.

88 iamserjio the Insei (level 4, -5/38 HPs)
             Began as a Draconian Monk on June 24, 2018.
             Killed by divine providence
             ... invoked by an orc priest
              (13 damage)
             ... on level 3 of the Dungeon.
             The game lasted 00:04:02 (516 turns).

iamserjio the Insei (Draconian Monk)                 Turns: 516, Time: 00:04:02

Health: -5/38      AC:  5    Str: 13    XL:     4   Next: 29%
Magic:  4/4        EV: 13    Int: 16    God:
Gold:   30         SH:  0    Dex: 14    Spells: 3/3 levels left

rFire    . . .     SeeInvis .     - Unarmed
rCold    . . .     Gourm    .   (no shield)
rNeg     . . .     Faith    .   (armour unavailable)
rPois    .         Spirit   .   (helmet restricted)
rElec    .         Reflect  .   (no cloak)
rCorr    .         Harm     .   (no gloves)
MR       .....                  (no boots)
Stlth    ++........             (no amulet)
HPRegen  0.12/turn              (no ring)
MPRegen  0.09/turn              (no ring)

@: brilliant
A: unfitting armour, cold-blooded, AC +5
a: no special abilities


You were on level 3 of the Dungeon.
You were not hungry.

You visited 1 branch of the dungeon, and saw 3 of its levels.

You collected 30 gold pieces.

Inventory:

Hand Weapons
 b - a +0 hunting sling
Missiles
 i - 7 stones (quivered)
Scrolls
 d - a scroll of remove curse {unknown}
 g - a scroll of identify {unknown}
 h - a scroll of blinking {unknown}
 j - a scroll of enchant weapon {unknown}
Comestibles
 a - 2 rations


   Skills:
 - Level 3.2 Fighting
 - Level 2.6 Dodging
 - Level 1.7 Stealth
 * Level 5.2 Unarmed Combat


You had 3 spell levels left.
You didn't know any spells.
Your spell library was empty.

Dungeon Overview and Level Annotations

Branches:
Dungeon (3/15)

Altars:


Innate Abilities, Weirdness & Mutations

Your plain brown scales are hard. (AC +5)
You cannot fit into any form of body armour.
You are cold-blooded and may be slowed by cold attacks.


Message History

It was a potion of brilliance.
You feel clever all of a sudden. The orc priest closely misses you.
The rat twitches its whiskers.
It was a potion of magic.
Magic courses through your body. The orc priest closely misses you.
You barely miss the orc priest.
The orc priest is lightly wounded.
You barely miss the orc priest.
Your tail-slap misses the orc priest.
The orc priest is lightly wounded.
The orc priest hits you but does no damage.
You hit the orc priest but do no damage.
Your tail-slap misses the orc priest.
The orc priest is lightly wounded.
The orc priest closely misses you.
You hit the orc priest. You tail-slap the orc priest.
The orc priest is heavily wounded.
The orc priest invokes the aid of Beogh against you.
Beogh smites you!
You die...

#### ### # ..... ... ## #.
#.>####.# ...
#.####...)..#
#.##....#.###@# ##
##.........#Ko## #.#
.(.........#w#.## #.#
............r##o###.# ###
......†%.....###.#.## #..
....[.!......# #o...###.#
# ...........#)#
#.#.#.#.###.#
..h.#.....##.###o#.##.#...
##. ##..:###.o........#.#
###


You could see an orc priest, a dart slug, a kobold and a rat.

Vanquished Creatures
  An orc wizard (D:3)
  An adder (D:2)
  A worm (D:2)
  2 leopard geckos
  4 orcs (D:3)
  2 bats
  4 giant cockroaches
  2 goblins (D:2)
  A hobgoblin (D:2)
  9 jackals
  6 kobolds
  2 quokkas
  A ball python (D:2)
  A rat (D:3)
37 creatures vanquished.

Notes
Turn   | Place    | Note
-------+----------+-------------------------------------------
     0 | D:1      | iamserjio the Draconian Monk began the quest for the Orb.
     0 | D:1      | Reached XP level 1. HP: 19/19 MP: 1/1
   178 | D:2      | Reached XP level 2. HP: 22/26 MP: 2/2
   223 | D:2      | Reached skill level 4 in Unarmed Combat
   323 | D:2      | Reached XP level 3. HP: 30/31 MP: 3/3
   508 | D:3      | Reached skill level 5 in Unarmed Combat
   508 | D:3      | Reached XP level 4. HP: 8/38 MP: 4/4
   516 | D:3      | Killed from afar by an orc priest

Vault maps used:
D:1:      lightli_arrival_windingriver, minmay_misc_feat_enclosed,
          wad_floor_pattern_untrapped
D:2:      tgw_kikubaaqudgha
D:3:      uniq_crazy_yiuf_cottage

Skill      XL: |  1  2  3 |
---------------+----------+-----
Unarmed Combat | 4 5 |  5.2
Fighting       | |  3.2
Dodging        | |  2.6
Stealth        | |  1.7

Action                   |  1- 3 |  4- 6 || total
-------------------------+-------+-------++-------
Melee: Unarmed           |   109 |     6 ||   115
       Tailslap          |    11 |     1 ||    12
       Punch             |     5 |       ||     5
  Use: Potion            |     2 |     2 ||     4
 Stab: Sleeping          |     2 |       ||     2
Armor: Skin              |    24 |     1 ||    25
Dodge: Dodged            |    63 |     3 ||    66

Table legend:
 A = Spawn XP
 B = Non-spawn XP
 C = Spawn XP percentage of total XP
 D = Spawn monster count
 E = Non-spawn monster count
 F = Spawn count percentage of total count
 G = Total turns spent on level
                    A         B        C        D         E        F      G
               +---------+---------+-------+---------+---------+-------+---------
         Total |       0 |     126 |   0.0 |       0 |      37 |   0.0 |   516
               +---------+---------+-------+---------+---------+-------+---------
           D:1 |       0 |       6 |   0.0 |       0 |       3 |   0.0 |   149
           D:2 |       0 |      51 |   0.0 |       0 |      19 |   0.0 |   253
           D:3 |       0 |      69 |   0.0 |       0 |      15 |   0.0 |   114
               +---------+---------+-------+---------+---------+-------+---------
